 Dungeon Crawl Stone Soup version 0.21-a0-1-gaf3b9a5 (webtiles) character file.

3581 tilp the Arsonist (level 10, -14/69 HPs)
             Began as a Hill Orc Fire Elementalist on May 20, 2017.
             Was a Believer of Vehumet.
             Demolished by a two-headed ogre
             ... wielding a +0 giant club
              (23 damage)
             ... on level 7 of the Dungeon.
             The game lasted 00:53:07 (15348 turns).

tilp the Arsonist (Hill Orc Fire Elementalist)     Turns: 15348, Time: 00:53:10

Health: -14/69     AC:  8    Str: 12    XL:     10   Next: 10%
Magic:  0/20       EV: 14    Int: 22    God:    Vehumet [**....]
Gold:   371        SH:  0    Dex: 11    Spells: 9/22 levels left

rFire    . . .     SeeInvis .   L - +0 battleaxe
rCold    . . .     Gourm    .   (shield currently unavailable)
rNeg     . . .     Faith    .   a - +0 robe
rPois    .         Spirit   .   s - +2 hat
rElec    +         Reflect  .   U - +0 cloak
rCorr    .         Harm     .   o - +1 pair of gloves of Noon {rElec rC- Int+4}
MR       .....                  B - +0 pair of boots
Stlth    ++........             (no amulet)
Regen    0.3/turn               g - +2 ring of evasion
MPRegen  0.2/turn               m - ring of protection from cold

@: very slightly contaminated
A: no striking features
a: Renounce Religion


You were on level 7 of the Dungeon.
You worshipped Vehumet.
Vehumet was pleased with you.
You were very hungry.

You visited 2 branches of the dungeon, and saw 9 of its levels.

You collected 371 gold pieces.

Inventory:

Hand Weapons
 d - a +2 spear of flaming
 L - a +0 battleaxe (weapon)
 Q - a +4 short sword
Missiles
 n - 8 tomahawks
 K - 7 javelins (quivered)
Armour
 a - a +0 robe (worn)
 o - the +1 pair of gloves of Noon (worn) {rElec rC- Int+4}
   (You found it on level 7 of the Dungeon)

   It affects your intelligence (+4).
   It makes you vulnerable to cold.
   It insulates you from electricity.
 s - a +2 hat (worn)
 B - a +0 pair of boots (worn)
 P - a +0 buckler
 U - a +0 cloak (worn)
Magical Staves
 c - an uncursed staff of wizardry
Jewellery
 g - a +2 ring of evasion (left hand)
 m - a ring of protection from cold (right hand)
 w - a cursed ring of loudness {unknown}
 C - a +3 ring of protection {unknown}
 F - a cursed amulet of inaccuracy {unknown}
 O - a cursed ring of teleportation {unknown}
Wands
 f - a wand of enslavement (7/24)
 v - a wand of disintegration (0/24)
 D - a wand of acid (5/15)
 G - a wand of paralysis (7/24)
Scrolls
 p - 2 scrolls of teleportation
 q - 2 scrolls of random uselessness
 r - a scroll of magic mapping {unknown}
 t - 2 scrolls of remove curse
 H - a scroll of enchant armour {unknown}
Potions
 e - 3 potions of curing
 h - 2 potions of lignification
 j - a potion of flight
 u - 2 potions of might
 A - a potion of haste
 M - a potion of resistance {unknown}
 N - a potion of agility {unknown}
 T - a potion of degeneration {unknown}
Books
 b - a book of Flames

   Spells                             Type                      Level
   a - Flame Tongue                   Conjuration/Fire             1
   b - Throw Flame                    Conjuration/Fire             2
   c - Conjure Flame                  Conjuration/Fire             3
   d - Inner Flame                    Hexes/Fire                   3
   e - Sticky Flame                   Conjuration/Fire             4
   f - Fireball                       Conjuration/Fire             5
 x - a book of Conjurations

   Spells                             Type                      Level
   a - Magic Dart                     Conjuration                  1
   b - Searing Ray                    Conjuration                  2
   c - Dazzling Spray                 Conjuration/Hexes            3
   d - Fulminant Prism                Conjuration/Hexes            4
   e - Force Lance                    Conjuration/Translocation    4
   f - Iskenderun's Mystic Blast      Conjuration                  4
 y - a book of Cantrips

   Spells                             Type                      Level
   a - Confusing Touch                Hexes                        1
   b - Animate Skeleton               Necromancy                   1
   c - Summon Small Mammal            Summoning                    1
   d - Apportation                    Translocation                1
 J - a book of Debilitation

   Spells                             Type                      Level
   a - Corona                         Hexes                        1
   b - Slow                           Hexes                        2
   c - Inner Flame                    Hexes/Fire                   3
   d - Portal Projectile              Hexes/Translocation          3
   e - Cause Fear                     Hexes                        4
   f - Leda's Liquefaction            Hexes/Earth                  4
Comestibles
 i - 4 chunks of flesh
 E - 5 fruits
 R - 3 bread rations


   Skills:
 - Level 1.5 Dodging
 - Level 1.5 Stealth
 * Level 6.9 Spellcasting
 * Level 7.6 Conjurations
 * Level 9.5 Fire Magic
 - Level 0.2 Evocations


You had 9 spell levels left.
You knew the following spells:

 Your Spells              Type           Power        Failure   Level  Hunger
a - Flame Tongue          Conj/Fire      #####        1%          1    None
b - Conjure Flame         Conj/Fire      #####...     1%          3    None
c - Sticky Flame          Conj/Fire      #####...     2%          4    ###....
d - Fireball              Conj/Fire      #####.....   7%          5    #####..


Dungeon Overview and Level Annotations

Branches:
Dungeon (8/15)             Temple (1/1) D:4
   Lair: D:8-11

Altars:
Ashenzari
Cheibriados
Dithmenos
Elyvilon
Fedhas
Gozag
Hepliaklqana
Kikubaaqudgha
Makhleb
Nemelex Xobeh
Okawaru
Qazlal
Ru
Sif Muna
Trog
Uskayaw
Vehumet
Wu Jian
Xom
Yredelemnul
Zin

Shops:
D:7 (

Annotations:
D:6 Duffy's ghost, novice NaFi


Message History

You see here a war axe.
The two-headed ogre barely misses you. The two-headed ogre closely misses you.
Things that are here:
a ring mail; a club
There is a stone staircase leading up here.
Items here: )) [[ a robe; a dagger; a robe; a dagger
Casting: Flame Tongue
Confirm with . or Enter, or press ? or * to list all spells.
Aiming: Sticky Flame
Press: ? - help, Shift-Dir - straight line, f/p - two-headed ogre
Aim: a two-headed ogre, wielding two giant clubs (severely wounded)
The sticky flame hits the two-headed ogre.
The two-headed ogre is severely wounded.
The two-headed ogre is covered in liquid flames!
The two-headed ogre burns!
The two-headed ogre hits you with a giant club!!
* * * LOW HITPOINT WARNING * * *
The two-headed ogre hits you with a giant club!!
You die...

....#.....######.'∩#..####.).####
...##.....### ######.............
...##.....[.# #..................
...##.....#.# #.#.##.............
...##.....#.###.#.########...####
.......##..()...#.# ##...###
.......###..###.#.# #......#
.......###..###O#.# #....#.##
##)...........).@.#######.......#
#.(<..###.#.##.#[........>.....#
###.### #.#.##.#.###.###.#.#...#
#.#####......#)###.###.#.##.##
#....>....###.................
########### #..#.#..#.##......
#..#.#..#.....#.##
#.............#.##
#.##.#..##......##


You could see a two-headed ogre (burning).

Vanquished Creatures
  Grinder (D:4)
  A hippogriff (D:7)
  Edmund (D:2)
  2 phantoms
  3 ice beasts
  An orc warrior (D:8)
  5 ogres
  7 centaurs
  5 bullfrogs
  A scorpion (D:4)
  4 wights
  A crimson imp (D:5)
  A quasit (D:6)
  2 jellies (D:7)
  3 orc priests
  Crazy Yiuf (D:3)
  3 hounds
  6 orc wizards
  A centaur skeleton (D:8)
  2 iguanas
  6 worker ants
  A hound skeleton (D:7)
  Robin (D:4)
  10 adders
  3 shadow imps
  2 oozes
  2 adder zombies
  2 adder skeletons (D:4)
  2 worms
  6 dart slugs
  5 leopard geckos
  24 orcs
  3 giant cockroaches
  15 goblins
  9 hobgoblins
  11 jackals
  4 quokkas
  3 ball pythons
  6 bats
  10 frilled lizards
  4 kobolds
  6 rats
186 creatures vanquished.

Vanquished Creatures (others)
  A worker ant (D:6)
1 creature vanquished.

Grand Total: 187 creatures vanquished

Notes
Turn   | Place    | Note
-------+----------+-------------------------------------------
     0 | D:1      | tilp the Hill Orc Fire Elementalist began the quest for the Orb.
     0 | D:1      | Reached XP level 1. HP: 14/14 MP: 3/3
   428 | D:1      | Reached XP level 2. HP: 20/20 MP: 4/4
  1129 | D:2      | Reached skill level 4 in Fire Magic
  1214 | D:2      | Reached XP level 3. HP: 26/26 MP: 2/5
  1490 | D:2      | Found a bloodstained altar of Trog.
  2138 | D:2      | Found a shadowy altar of Dithmenos.
  2197 | D:2      | Found a sacrificial altar of Ru.
  2526 | D:3      | Reached XP level 4. HP: 33/33 MP: 7/7
  3022 | D:3      | Noticed an ogre
  3028 | D:3      | Killed an ogre
  3028 | D:3      | Reached skill level 5 in Fire Magic
  3028 | D:3      | Reached XP level 5. HP: 28/38 MP: 1/9
  3101 | D:3      | Learned a level 3 spell: Conjure Flame
  3106 | D:3      | Learned a level 4 spell: Sticky Flame
  3496 | D:3      | Found a runed door.
  3563 | D:4      | Noticed Grinder
  3566 | D:4      | Paralysed by Grinder for 4 turns
  3572 | D:4      | Noticed Robin
  3661 | D:4      | Reached XP level 6. HP: 37/45 MP: 5/10
  3708 | D:4      | Noticed Edmund
  4160 | D:5      | Entered Level 5 of the Dungeon
  4376 | D:4      | Reached XP level 7. HP: 35/50 MP: 0/12
  5012 | D:4      | Paralysed by an orc wizard for 6 turns
  5197 | D:4      | Reached skill level 6 in Fire Magic
  5871 | D:4      | Killed Grinder
  5871 | D:4      | Reached XP level 8. HP: 57/57 MP: 7/14
  6192 | D:4      | Killed Robin
  6759 | D:4      | Found a staircase to the Ecumenical Temple.
  6878 | Temple   | Entered the Ecumenical Temple
  6956 | Temple   | Became a worshipper of Vehumet
  7533 | D:5      | Learned a level 5 spell: Fireball
  7923 | D:5      | Reached skill level 7 in Fire Magic
  8068 | D:5      | Reached skill level 5 in Conjurations
  8437 | D:5      | Reached skill level 5 in Spellcasting
  8887 | D:6      | Noticed Duffy's ghost (novice NaFi)
  9258 | D:5      | Reached XP level 9. HP: 11/62 MP: 10/17
  9613 | D:6      | Reached skill level 8 in Fire Magic
  9675 | D:5      | Reached * piety under Vehumet
  9675 | D:5      | Offered knowledge of Shock by Vehumet.
 10041 | D:6      | Found a shattered altar of Ashenzari.
 12023 | D:7      | HP: 3/62 [ogre/giant spiked club (21)]
 12134 | D:7      | Got a pair of pitted gloves
 12145 | D:7      | Identified the +1 pair of gloves of Noon {rElec rC- Int+4} (You found it on level 7 of the Dungeon)
 12391 | D:7      | Found a sparkling altar of Nemelex Xobeh.
 12887 | D:7      | Found Emucilag's Antique Weapon Shoppe.
 13394 | D:2      | Reached ** piety under Vehumet
 13396 | D:2      | Killed Edmund
 13601 | D:3      | Noticed Crazy Yiuf
 13603 | D:3      | Killed Crazy Yiuf
 13603 | D:3      | Offered knowledge of Sting by Vehumet.
 13947 | D:8      | Reached skill level 9 in Fire Magic
 14321 | D:8      | Noticed a two-headed ogre
 14321 | D:8      | HP: 1/62 [worker ant (6)]
 14664 | D:7      | Reached XP level 10. HP: 19/69 MP: 6/20
 15348 | D:7      | Demolished by a two-headed ogre

Vault maps used:
D:1:      tarquinn_simple_flora_water_c, minmay_tetromino_s2
D:2:      nicolae_overflow_crystal_walls, marbit_many_paths, serial_glass,
          glass_columns_b, glass_columns_b, grunt_ministairs_5,
          minmay_misc_feat_pillars, nicolae_ru_path_of_blood
D:3:      uniq_crazy_yiuf_cottage
D:4:      minmay_temple_entry_poolview, first_bread, minivault_1, uniq_robin,
          uniq_edmund, uniq_grinder
D:6:      basic_altar
D:7:      nemelex_xobeh_ov_fountains_minmay, serial_shops,
          nicolae_shop_window_shopping
Temple:   eino_narrow_crystal_temple

Skill      XL: |  1  2  3  4  5  6  7  8  9 |
---------------+----------------------------+-----
Fire Magic     | 4 5 6 7 9 |  9.5
Spellcasting   | 2 3 4 5 6 |  6.9
Conjurations   | 2 3 4 5 7 |  7.6
Dodging        | |  1.5
Stealth        | |  1.5
Evocations     | |  0.2

Action                   |  1- 3 |  4- 6 |  7- 9 | 10-12 || total
-------------------------+-------+-------+-------+-------++-------
Melee: Dagger            |   133 |    86 |   164 |       ||   383
       Staff             |       |       |    74 |       ||    74
       Battleaxe         |       |       |   133 |    10 ||   143
Throw: Stone             |    31 |    14 |     2 |       ||    47
       Javelin           |       |       |     9 |       ||     9
       Tomahawk          |       |       |     5 |       ||     5
 Cast: Flame Tongue      |    21 |    57 |   134 |     2 ||   214
       Sticky Flame      |       |     3 |    35 |     3 ||    41
       Fireball          |       |       |    10 |     3 ||    13
       Conjure Flame     |       |       |     1 |       ||     1
Evoke: Wand              |       |       |    10 |       ||    10
  Use: Scroll            |     3 |       |    16 |       ||    19
       Potion            |       |       |     2 |       ||     2
 Stab: Sleeping          |     2 |     1 |       |       ||     3
  Eat: Chunk             |     5 |     3 |    11 |       ||    19
       Bread ration      |     1 |       |     3 |       ||     4
       Meat ration       |       |       |     3 |       ||     3
       Royal jelly       |       |       |     2 |       ||     2
Armor: Robe              |    29 |    37 |   125 |     4 ||   195
       Skin              |       |       |     1 |       ||     1
Dodge: Dodged            |    87 |   101 |   466 |    19 ||   673
